 Dungeon Crawl Stone Soup version 0.30-a0-354-g6b83867211 (webtiles) character file.

Game seed: 8952115561108820917

16198 blackman the Peltast (level 12, -4/98 HPs)
             Began as a Formicid Fighter on Nov 8, 2022.
             Was a High Priest of Cheibriados.
             Slain by an orc warlord
             ... wielding a +0 bardiche
              (25 damage)
             ... on level 2 of the Orcish Mines.
             The game lasted 00:30:56 (11660 turns).

blackman the Peltast (Formicid Fighter)            Turns: 11660, Time: 00:30:56

Health: -4/98      AC: 18    Str: 40    XL:     12   Next: 67%
Magic:  11/16      EV:  7    Int: 22    God:    Cheibriados [*****.]
Gold:   1011       SH: 16    Dex: 25    Spells: 11/11 levels left

rFire   + . .      SeeInvis +    G - +9 war axe of the Muttering Big Fish {holy, rElec rF+ Dex-2}
rCold   . . .      Faith    .    q - +0 kite shield
rNeg    . . .      Spirit   .    l - +0 plate armour
rPois   .          Reflect  .    (helmet unavailable)
rElec   +          Harm     .    b - +0 cloak
rCorr   .          Rampage  .    (no gloves)
Will    +....                    O - +0 pair of boots
Stlth   ..........               (no amulet)
HPRegen 0.36/turn                e - +4 ring of protection
MPRegen 0.15/turn                j - +4 ring of slaying

@: mighty, very slow
A: permanent stasis, dig shafts and tunnels, antennae 3, four strong arms
a: Dig, Shaft Self, Renounce Religion, Bend Time, Temporal Distortion, Slouch,
Step From Time


You were on level 2 of the Orcish Mines.
You worshipped Cheibriados.
Cheibriados was extremely pleased with you.
You visited 2 branches of the dungeon, and saw 13 of its levels.

You collected 1011 gold pieces.

Inventory:

Hand Weapons
 a - a +0 war axe
 t - the +5 flail of Symmetry {freeze, Str+2 Int+3 Dex+4}
   (You took it off a goblin on level 4 of the Dungeon)

   It freezes those it strikes, dealing additional cold damage.
   It can also slow down cold-blooded creatures.
   Str:       It affects your strength (+2).
   Int:       It affects your intelligence (+3).
   Dex:       It affects your dexterity (+4).
 G - the +9 war axe of the Muttering Big Fish (weapon) {holy, rElec rF+ Dex-2}
   (You found it on level 7 of the Dungeon)

   It has been blessed by the Shining One to cause great damage to the undead
   and demons.
   Dex:       It affects your dexterity (-2).
   rF:        It protects you from fire.
   rElec:     It insulates you from electricity.
 Q - a +0 battleaxe
Missiles
 n - 64 poisoned darts (quivered)
 J - 2 javelins
Armour
 b - a +0 cloak (worn)
 c - a +0 buckler
 l - a +0 plate armour (worn)
 q - a +0 kite shield (worn)
 O - a +0 pair of boots (worn)
Jewellery
 e - a +4 ring of protection (left hand)
 i - a ring of protection from fire
 j - a +4 ring of slaying (right hand)
 y - a ring of protection from fire
 M - a ring of fire
 P - a +6 ring of strength
Wands
 B - a wand of polymorph (4)
 E - a wand of flame (14)
 H - a wand of paralysis (13)
Scrolls
 f - 7 scrolls of teleportation
 h - a scroll of magic mapping
 m - a scroll of vulnerability
 o - 3 scrolls of enchant armour
 r - 4 scrolls of noise
 s - 2 scrolls of identify
 v - a scroll of amnesia
 x - 2 scrolls of fear
 C - a scroll of enchant weapon
 F - 2 scrolls of immolation
 L - a scroll of poison
 N - 2 scrolls of silence
Potions
 d - 2 potions of curing
 g - a potion of haste
 k - 2 potions of cancellation
 p - 2 potions of flight
 u - 3 potions of brilliance
 w - a potion of invisibility
 z - a potion of mutation
 A - 4 potions of heal wounds
 D - 3 potions of degeneration
 I - 2 potions of lignification


   Skills:
 - Level 10.3 Fighting
 - Level 8.8(10.5) Axes
 - Level 9.0(10.6) Maces & Flails
 - Level 4.5 Armour
 - Level 15.2 Shields
 * Level 5.9 Invocations


You had 11 spell levels left.
You didn't know any spells.
Your spell library contained the following spells:

 Spells                   Type           Power      Damage    Failure   Level
 Beastly Appendage        Tmut           0%         N/A       83%         1
 Sting                    Tmut/Pois      0%         1d3       83%         1
 Poisonous Vapours        Pois/Air       0%         N/A       92%         2
 Gell's Gravitas          Tloc           0%         N/A       99%         3
 Summon Guardian Golem    Hex/Summ       0%         N/A       99%         3
 Teleport Other           Tloc           0%         N/A       99%         3
 Olgreb's Toxic Radiance  Pois           0%         N/A       100%        4
 Yara's Violent Unravell  Hex/Tmut       0%         3d3       100%        5
 Death Channel            Necr           0%         N/A       100%        6
 Dispersal                Tloc           0%         N/A       100%        6
 Dragon Form              Tmut           0%         N/A       100%        7
 Orb of Destruction       Conj           0%         9d5       100%        7
 Spellforged Servitor     Conj/Summ      0%         N/A       100%        7


Dungeon Overview and Level Annotations

Branches:
Dungeon (11/15)            Temple (0/1) D:6            Lair (0/5) D:8
    Orc (2/2) D:10
    Elf: Orc:2

Altars:
Cheibriados
Dithmenos
Fedhas
Gozag
Nemelex Xobeh
Okawaru
Qazlal
Sif Muna
Trog
Uskayaw
Vehumet
Xom
Zin

Shops:
D:4 *


Innate Abilities, Weirdness & Mutations

You cannot be hasted, slowed, berserked, paralysed or teleported.
You can dig through walls and to a lower floor.
You have a pair of large antennae on your head. (SInv)
Your four strong arms can wield two-handed weapons with a shield.


Message History

Cheibriados rebukes the orc warlord.
The orc warlord seems to slow down.
Cheibriados rebukes the orc.
The orc seems to slow down.
Cheibriados lowers the support of your attributes as your movement quickens.
An orc comes into view. It is wielding a +0 short sword.
You block the orc warlord's attack. The orc hits you but does no damage.
You slice the orc warlord!!
The orc warlord is lightly wounded.
You slash the orc!
You kill the orc!
Cheibriados appreciates the change of pace.
You slash the orc warlord!
The orc warlord is moderately wounded.
The orc warlord roars a battlecry!
The orc goes into a battle-frenzy!
You completely miss the orc warlord.
The orc warlord is moderately wounded.
You slice the orc warlord!!
The orc warlord is heavily wounded.
The orc warlord barely misses you.
You slash the orc warlord!
The orc warlord is heavily wounded.
You closely miss the orc knight. You block the orc knight's attack.
You slice the orc warlord!!
The orc warlord is severely wounded.
You barely miss the orc. You closely miss the orc knight.
An orc comes into view. It is wielding a +0 dagger.
The orc warlord hits you with a +0 bardiche!!
You block the orc knight's attack. The orc hits you with a +0 short sword.
You closely miss the orc warlord.
The orc warlord is severely wounded.
You barely miss the orc knight. You hit the orc.
The orc warlord is no longer moving slowly.
The orc no longer looks unusually strong.
You block the orc's attack.
The orc knight hits you with a +0 war axe!!
* * * LOW HITPOINT WARNING * * *
The orc warlord hits you with a +0 bardiche!!
You die...

####
#####............
####...##### {
#8.8# ##'## #+#
###.###+# ....
#.......# #...
#.##+##.#
#....#o#{
+....o@# {
#.####o# { #..
#... {#..⌠.
#..... .....o#
#####.#


You could see an orc warlord (strong), an orc knight (strong) and 2 orcs.

Vanquished Creatures
  Josephine (D:10)
  Erolcha (D:9)
  3 two-headed ogres (D:11)
  Pikel (D:5)
  3 orc knights (Orc:1)
  An ugly thing (D:11)
  A cyclops (Orc:1)
  An orc sorcerer (Orc:1)
  Maggie (D:6)
  A gargoyle (D:10)
  A kobold demonologist (D:11)
  3 trolls
  Grinder (D:3)
  Prince Ribbit (D:9)
  Sigmund (D:6)
  5 wraiths (D:10)
  A wyvern (D:9)
  Grum (D:10)
  2 wargs (D:8)
  16 orc warriors
  3 ice beasts
  A black bear (D:8)
  3 sky beasts
  6 centaurs
  3 wolves (D:10)
  4 ogres
  A phantom (D:4)
  Blork the orc (D:6)
  4 kobold brigands
  2 bullfrogs
  5 scorpions
  A gnoll sergeant (D:11)
  4 wights
  20 killer bees
  4 howler monkeys
  7 orc priests
  A jelly (D:5)
  A gnoll bouda (D:4)
  5 hounds
  Jessica (D:3)
  Crazy Yiuf (D:5)
  5 iguanas
  20 orc wizards
  19 gnolls
  7 adders
  A shadow imp (D:3)
  An ufetubus (D:7)
  4 worms
  4 dart slugs
  70 orcs
  6 endoplasms
  5 giant cockroaches
  6 hobgoblins
  4 jackals
  A quokka (D:4)
  5 ball pythons
  9 bats
  4 frilled lizards
  7 goblins
  41 kobolds
  5 rats
348 creatures vanquished.

Vanquished Creatures (others)
  8 plants (D:6)
8 creatures vanquished.

Grand Total: 356 creatures vanquished

Notes
Turn   | Place    | Note
-------+----------+-------------------------------------------
     0 | D:1      | blackman the Formicid Fighter began the quest for the Orb.
     0 | D:1      | Reached XP level 1. HP: 18/18 MP: 1/1
   116 | D:1      | Reached XP level 2. HP: 24/24 MP: 2/2
   426 | D:1      | Reached XP level 3. HP: 28/29 MP: 3/3
   945 | D:2      | Reached XP level 4. HP: 35/35 MP: 4/4
  1179 | D:2      | Reached XP level 5. HP: 41/41 MP: 5/5
  1722 | D:3      | Found a radiant altar of Vehumet.
  1750 | D:3      | Reached skill level 5 in Axes
  1774 | D:3      | Noticed Grinder
  1795 | D:3      | Killed Grinder
  1796 | D:3      | Reached XP level 6. HP: 45/47 MP: 6/6
  1942 | D:3      | Identified the +7 dagger of Moral Flaws {drain, Will+}
  1942 | D:3      | Noticed Jessica
  1946 | D:3      | Killed Jessica
  1947 | D:3      | Reached XP level 7. HP: 44/50 MP: 7/7
  1974 | D:3      | Found a snail-covered altar of Cheibriados.
  2360 | D:3      | Became a worshipper of Cheibriados the Contemplative
  2552 | D:4      | Found a shadowy altar of Dithmenos.
  2553 | D:4      | Found a blossoming altar of Fedhas.
  2708 | D:4      | Found a glowing silver altar of Zin.
  2758 | D:4      | Reached * piety under Cheibriados
  2895 | D:4      | Identified the +5 flail of Symmetry {freeze, Str+2 Int+3
                  | Dex+4}
  2940 | D:4      | Reached XP level 8. HP: 58/58 MP: 8/8
  2972 | D:4      | Found an opulent altar of Gozag.
  2992 | D:4      | Found an iron altar of Okawaru.
  3089 | D:4      | Found Qoophadi's Assorted Antiques.
  3313 | D:5      | Entered Level 5 of the Dungeon
  3406 | D:5      | Reached skill level 1 in Maces & Flails
  3790 | D:5      | Reached skill level 5 in Invocations
  3794 | D:5      | Reached XP level 9. HP: 55/64 MP: 8/13
  3862 | D:5      | Noticed Pikel
  3874 | D:5      | Killed Pikel
  3875 | D:5      | Reached skill level 5 in Maces & Flails
  3926 | D:5      | Found a runed translucent door.
  3927 | D:5      | Noticed Crazy Yiuf
  4306 | D:5      | Killed Crazy Yiuf
  4429 | D:6      | Noticed Maggie
  4434 | D:6      | Killed Maggie
  4587 | D:6      | Reached ** piety under Cheibriados
  4737 | D:6      | You fall into a shaft and drop 3 floors!
  4754 | D:9      | Noticed Prince Ribbit
  4764 | D:9      | Killed Prince Ribbit
  4960 | D:8      | Reached XP level 10. HP: 70/70 MP: 14/14
  4995 | D:8      | Reached *** piety under Cheibriados
  5251 | D:6      | Found a staircase to the Ecumenical Temple.
  5409 | D:6      | Reached skill level 5 in Shields
  5610 | D:6      | Noticed Sigmund
  5612 | D:6      | Noticed Blork the orc
  5616 | D:6      | Killed Sigmund
  5617 | D:6      | Reached skill level 6 in Shields
  5619 | D:6      | Killed Blork the orc
  5633 | D:6      | Reached skill level 7 in Shields
  5948 | D:7      | Identified the +9 war axe of the Muttering Big Fish {holy,
                  | rElec rF+ Dex-2}
  6005 | D:7      | Found a shimmering blue altar of Sif Muna.
  6135 | D:7      | Found a bloodstained altar of Trog.
  6302 | D:7      | Found a shimmering altar of Xom.
  6311 | D:7      | Reached skill level 8 in Shields
  6315 | D:7      | Reached **** piety under Cheibriados
  6406 | D:7      | Reached skill level 9 in Shields
  6887 | D:8      | Reached skill level 10 in Shields
  6921 | D:8      | Found a staircase to the Lair.
  7002 | D:8      | Found a sparkling altar of Nemelex Xobeh.
  7010 | D:8      | Found a hide-covered altar of Uskayaw.
  7494 | D:9      | Reached skill level 11 in Shields
  7499 | D:9      | Reached XP level 11. HP: 58/75 MP: 15/15
  7580 | D:9      | Noticed Erolcha
  7588 | D:9      | Killed Erolcha
  7589 | D:9      | Reached skill level 12 in Shields
  7993 | D:9      | Reached skill level 13 in Shields
  7994 | D:9      | Reached ***** piety under Cheibriados
  8353 | D:10     | Entered Level 10 of the Dungeon
  8358 | D:10     | Found a stormy altar of Qazlal.
  8542 | D:10     | Noticed Grum
  8552 | D:10     | Killed Grum
  8557 | D:10     | Reached skill level 14 in Shields
  8743 | D:10     | Found a staircase to the Orcish Mines.
  8754 | D:10     | Noticed Josephine
  8767 | D:10     | Killed Josephine
  8768 | D:10     | Reached skill level 15 in Shields
  9441 | D:11     | Noticed a two-headed ogre
  9445 | D:11     | Killed a two-headed ogre
  9509 | D:11     | Noticed a two-headed ogre
  9517 | D:11     | Killed a two-headed ogre
  9518 | D:11     | Reached skill level 5 in Fighting
  9536 | D:11     | Reached XP level 12. HP: 53/87 MP: 16/16
 10079 | D:11     | Found a shadowy altar of Dithmenos.
 10144 | D:11     | Got the Book of Permutations and Evil Rituals
 10201 | D:11     | Noticed a two-headed ogre
 10213 | D:11     | Killed a two-headed ogre
 10508 | Orc:1    | Entered Level 1 of the Orcish Mines
 11041 | Orc:1    | Reached skill level 10 in Fighting
 11411 | Orc:2    | Entered Level 2 of the Orcish Mines
 11582 | Orc:2    | Reached ****** piety under Cheibriados
 11648 | Orc:2    | Noticed an orc warlord
 11660 | Orc:2    | Slain by an orc warlord

Illustrated notes

Levels and vault maps discovered:
D:1:      psy_arrival_statuary, layout_loops_ring
D:2:      layout_loops_ring
D:3:      layout_loops_ring, nicolae_vehumet_radiance,
          mainiacjoe_overflow_small_starburst, uniq_jessica, uniq_grinder
D:4:      layout_cave_pools, kennysheep_little_box,
          hellmonk_okawaru_the_only_friend_you_need, nicolae_overflow_squiral,
          mainiacjoe_overflow_concentric_impassable, serial_shops,
          kennysheep_mini_moat, minmay_diced_spiral
D:5:      layout_layer_cave, st_stairs_9, uniq_pikel, uniq_crazy_yiuf_cottage
D:6:      kennysheep_kobold_camp, layout_loops_corners,
          minmay_temple_entry_ruins, uniq_sigmund, uniq_blork_the_orc,
          uniq_maggie
D:7:      layout_basic, lemuel_crystal_altar, tgw_sif, mainiacjoe_overflow_paths
D:8:      layout_basic, jmf_multi_god_temple, erik_lair_orcish_takeover,
          nicolae_straight_to_the_point
D:9:      layout_long_grid, lemuel_flamethrower_2, uniq_erolcha,
          uniq_prince_ribbit1
D:10:     layout_loops_ring, nicolae_qazlal_style_of_elements,
          minmay_orc_entry_temple_small, uniq_grum, uniq_josephine
D:11:     layout_loops_ring, nicolae_twisting_strands,
          grunt_dithmenos_smoke_and_mirrors
Orc:1:    layout_diamond_mine, nicolae_orc_lava_room
Orc:2:    pubby_orc_utopia

Skill      XL: |  1  2  3  4  5  6  7  8  9 10 11 12 |
---------------+-------------------------------------+-----
Axes           | 3 4 6 7 8 |  8.8
Maces & Flails | 2 8 9 |  9.0
Invocations    | 5 |  5.9
Shields        | 11 15 | 15.2
Fighting       | 5 10 | 10.3
Armour         | 4 |  4.5

Action                   |  1- 3 |  4- 6 |  7- 9 | 10-12 || total
-------------------------+-------+-------+-------+-------++-------
Melee: War axe           |    88 |    80 |    87 |   307 ||   562
       Flail             |       |       |   135 |    49 ||   184
Throw: Dart              |       |       |     2 |    20 ||    22
Invok: Bend Time         |       |       |     4 |     4 ||     8
       Slouch            |       |       |       |     3 ||     3
 Abil: Dig               |       |       |     3 |       ||     3
Evoke: Wand              |       |       |       |    11 ||    11
  Use: Scroll            |       |       |     8 |    13 ||    21
       Potion            |       |       |     2 |     2 ||     4
 Stab: Paralysed         |       |       |       |     7 ||     7
Armor: Scale mail        |    45 |     4 |       |       ||    49
       Plate armour      |       |    35 |   159 |   136 ||   330
Dodge: Dodged            |    53 |    13 |   104 |    60 ||   230
Block: Buckler           |    25 |    24 |    78 |     8 ||   135
       Kite shield       |       |       |       |   263 ||   263

Table legend: (Time is in decaauts)
 A = Elapsed time spent in this place.
 B = Non-inter-level travel time spent in this place.
 C = Inter-level travel time spent in this place.
 D = Time resting spent in this place.
 E = Time spent auto-exploring this place.
 F = Levels seen in this place.
 G = Mean time per level.
                   A        B        C        D        E       F      G
               +--------+--------+--------+--------+--------+-----+--------+
         Total |  15775 |  15077 |    698 |    538 |  12460 |  13 | 1213.5 |
       Dungeon |  14207 |  13542 |    665 |    538 |  11139 |  11 | 1291.5 |
  Orcish Mines |   1567 |   1535 |     32 |      0 |   1321 |   2 |  783.5 |
               +--------+--------+--------+--------+--------+-----+--------+

Top non-repeatable levels by time:
    D:10: 1656 daAuts
     D:8: 1581 daAuts
     D:6: 1578 daAuts
    D:11: 1578 daAuts
     D:9: 1542 daAuts
     D:7: 1335 daAuts
     D:5: 1332 daAuts
   Orc:1: 1271 daAuts
     D:4: 984 daAuts
     D:1: 914 daAuts
     D:3: 872 daAuts
     D:2: 829 daAuts
   Orc:2: 296 daAuts
